 Dungeon Crawl Stone Soup version 0.14-a0-2839-g31ee8e6 (webtiles) character file.

360 MackTheKnife the Sneak (level 5, -1/24 HPs)
             Began as a Spriggan Enchanter on Feb 26, 2014.
             Slain by Grinder (4 damage)
             ... while paralysed by Grinder
             ... on Level 3 of the Dungeon.
             The game lasted 00:06:30 (3129 turns).

MackTheKnife the Sneak (Spriggan Enchanter)         Turns: 3129, Time: 00:06:30

HP  -1/24        AC  3     Str  5      XL: 5   Next: 75%
MP  10/18        EV  4     Int 17      God:
Gold 127         SH  0     Dex 16      Spells:  3 memorised,  7 levels left

rFire  . . .     SeeInvis +     a - +1 dagger
rCold  . . .     Clarity  .     b - +1 robe
rNeg   . . .     Conserve .     (shield restricted)
rPois  .         rCorr    .     (helmet restricted)
rElec  .         rRot     .     (no cloak)
SustAb . .       Spirit   .     (gloves unavailable)
rMut   .         Warding  .     (boots unavailable)
Saprov . . .     Stasis   .     (no amulet)
MR     .....                    (no ring)
                                (no ring)

@: paralysed, very quick, not resistant to hostile enchantments, quite stealthy
A: unfitting armour, see invisible, herbivore 3, speed 3, slow metabolism 2
a: no special abilities


You were on level 3 of the Dungeon.
You were not hungry.

You visited 1 branch of the dungeon, and saw 3 of its levels.

You collected 127 gold pieces.


Innate Abilities, Weirdness & Mutations

You are tiny and cannot use many weapons and most armour.
You have supernaturally acute eyesight.
You are a herbivore.
You cover ground extremely quickly.
You need consume almost no food.


   Skills:
 - Level 1.1 Short Blades
 - Level 1.1 Throwing
 - Level 3.0 Dodging
 + Level 5.7 Stealth
 + Level 4.9 Spellcasting
 + Level 5.4 Hexes


You had 7 spell levels left.
You knew the following spells:

 Your Spells              Type           Power        Failure   Level  Hunger
a - Ensorcelled Hibernat  Hex/Ice        ##....       10%         2    #......
x - Confuse               Hex            ###.....     6%          3    ###....
z - Corona                Hex            ###....      1%          1    None

Inventory:

Hand weapons
 a - a +1,+1 dagger (weapon)
Missiles
 d - 12 darts (quivered)
Armour
 b - a +1 robe (worn)
Comestibles
 l - a bread ration
Scrolls
 f - 3 scrolls of remove curse {unknown}
 g - 2 scrolls of identify {unknown}
 h - a scroll of random uselessness {unknown}
 i - a scroll of curse jewellery {unknown}
 p - a scroll of fear {unknown}
 q - a scroll of magic mapping {unknown}
 r - a scroll of fog {unknown}
 s - a scroll of blinking {unknown}
Jewellery
 j - an uncursed ring of poison resistance {unknown}
Potions
 e - a potion of porridge
 k - a potion of experience {unknown}
 m - a potion of paralysis {unknown}
 n - a potion of confusion {unknown}
 o - a potion of curing {unknown}
 u - a potion of cure mutation {unknown}
Books
 c - a book of Maledictions

   Spells                             Type                      Level
   *Corona                            Hexes                        1
   Sure Blade                         Hexes/Charms                 2
   *Ensorcelled Hibernation           Hexes/Ice                    2
   *Confuse                           Hexes                        3
   Enslavement                        Hexes                        4
   Invisibility                       Hexes                        6
 t - a book of Power

   Spells                             Type                      Level
   Fulminant Prism                    Conjuration/Hexes            4
   Iskenderun's Mystic Blast          Conjuration                  4
   Venom Bolt                         Conjuration/Poison           5
   Bolt of Magma                      Conjuration/Fire/Earth       5
   Iron Shot                          Conjuration/Earth            6
   Orb of Destruction                 Conjuration                  7

·· ▒·▒ ▒▒· ▒·▒ '▒
▒▒▒▒▒·▒▒▒▒▒▒▒ ·▒▒
▒···········▒ '·
▒···········▒ ▒·
▒···········▒
▒·▒▒▒···········▒
▒·h·▒···········▒
▒▒▒i▒···········▒
▒·5···········▒
▒▒▒···········▒
▒▒▒▒▒▒▒▒▒▒▒▒▒


You could see Grinder and a jackal.


Message History

No target in view!
You now have 127 gold pieces (gained 10).
Grinder shouts!
A jackal comes into view.
Aiming: Confuse
Aim: Grinder Grinder resists.
Grinder gestures at you. You resist.
Aiming: Confuse
Aim: Grinder Grinder resists.
Aiming: Confuse
Aim: Grinder Grinder resists.
Grinder gestures.
Grinder blinks!
A jackal comes into view.
Grinder gestures at you.
You suddenly lose the ability to move!
The jackal moves out of view.
The jackal barely misses you.
The jackal bites you but does no damage.
Grinder hits you!
* * * LOW HITPOINT WARNING * * *
You writhe in agony.
The jackal bites you but does no damage.
Grinder hits you!
* * * LOW HITPOINT WARNING * * *
You writhe in agony.
You die...

Action                   |  1- 3 |  4- 6 || total
-------------------------+-------+-------++-------
Melee: Dagger            |   137 |   101 ||   238
 Cast: Ensorcelled Hiber |    18 |    13 ||    31
       Confuse           |       |     5 ||     5
 Stab: Sleeping          |    11 |    16 ||    27
       Distracted        |       |     1 ||     1
       Confused          |       |     1 ||     1

Vault maps used:
D:1:      saegor_arrival_simple_E
D:2:      roderic_lattice_a, minmay_misc_feat_room, uniq_terence
D:3:      uniq_sigmund, uniq_grinder

Notes
Turn   | Place    | Note
--------------------------------------------------------------
     0 | D:1      | MackTheKnife, the Spriggan Enchanter, began the quest for the Orb.
     0 | D:1      | Reached XP level 1. HP: 9/9 MP: 4/4
   418 | D:1      | Reached skill level 3 in Spellcasting
   432 | D:1      | Reached skill level 4 in Hexes
   438 | D:1      | Reached XP level 2. HP: 11/13 MP: 8/8
   507 | D:1      | Learned a level 2 spell: Ensorcelled Hibernation
  1174 | D:2      | Reached XP level 3. HP: 12/16 MP: 0/11
  1565 | D:2      | Noticed Terence
  1606 | D:2      | Killed Terence
  1808 | D:2      | Reached skill level 4 in Spellcasting
  1854 | D:2      | Reached XP level 4. HP: 17/21 MP: 12/15
  1856 | D:2      | Reached skill level 4 in Stealth
  2248 | D:3      | Noticed Grinder
  2256 | D:3      | Paralysed by Grinder for 3 turns
  2366 | D:3      | Reached skill level 5 in Hexes
  2378 | D:3      | Learned a level 3 spell: Confuse
  2384 | D:3      | Reached skill level 5 in Stealth
  2384 | D:3      | Reached XP level 5. HP: 14/24 MP: 7/18
  2571 | D:3      | Noticed Sigmund
  2590 | D:3      | Killed Sigmund
  2674 | D:3      | Noticed quick's ghost (average HEHu)
  3126 | D:3      | Paralysed by Grinder for 5 turns
  3129 | D:3      | Slain by Grinder

Vanquished Creatures
  Sigmund (D:3)
  Terence (D:2)
  3 gnolls (D:3)
  5 adders
  An inept feature mimic (D:3)
  A giant mite (D:2)
  A worm (D:3)
  A giant gecko (D:1)
  An ooze (D:3)
  4 giant cockroaches
  6 goblins
  10 hobgoblins
  6 kobolds
  A quokka (D:2)
  4 bats
  5 giant newts
  7 rats
58 creatures vanquished.
